Match 47189014
Unlisted

Match 47189014
End
Vickers Machine Gun Team
Construct Section Command Post
Royal Engineer Section
Dingo Light Scout Car
Infantry Section
Infantry Section
Construct Platoon Command Post
Selects Air and Sea Battlegroup
Selects Commando Section Paradrop
6-pounder Anti-tank Gun Team
Selects Commando Support Section Paradrop
Construct Field Infirmary
Selects Naval Blockade
Infantry Training
Commando Support Section Paradrop
Construct Company Command Post
Naval Blockade
Commando Section Paradrop
Selects UNKNOWN (223837)
Unlock M3 Grant Medium Tanks
Benzino Napaloni
Modus
Trainzz
HoratioHufnagel
0
0

Comments sign in to comment!

No comments posted yet!